 Dungeon Crawl Stone Soup version 0.25-a0-292-gaa31f046c4 (webtiles) character file.

Game seed: 8324917813637896674, levelgen mode: classic

10183 Borgoz the Slicer (level 11, -5/106 HPs)
             Began as a Kobold Fighter on Dec 16, 2019.
             Was a High Priest of Okawaru.
             Slain by an alligator simulacrum (7 damage)
             ... in an ice cave.
             The game lasted 00:24:55 (12140 turns).

Borgoz the Slicer (Kobold Fighter)                 Turns: 12140, Time: 00:24:57

Health: -5/106     AC: 22    Str: 18    XL:     11   Next: 88%
Magic:  12/12      EV: 13    Int: 10    God:    Okawaru [*****.]
Gold:   192        SH: 11    Dex: 18    Spells: 10/10 levels left

rFire    + + .     SeeInvis +   b - +5 short sword
rCold    + . .     Gourm    .   c - +0 shield
rNeg     + . .     Faith    .   D - +4 chain mail of Mental Paralysis {rElec rF++ Stlth+}
rPois    +         Spirit   .   C - +2 hat
rElec    +         Reflect  .   r - +1 cloak
rCorr    .         Harm     .   (no gloves)
MR       +....                  o - +2 pair of boots {Fly}
Stlth    ..........             G - amulet of rage
HPRegen  0.27/turn              F - ring "Lutras" {rPois rC+ rN+ MR+ Stlth+}
MPRegen  0.13/turn              x - ring of see invisible

@: berserking, flying, very quick
A: small, carnivore
a: Heroism, Finesse, Renounce Religion, Evoke Berserk Rage, Stop Flying


You were in an ice cave.
You worshipped Okawaru.
Okawaru was extremely pleased with you.
You were full.

You visited 2 branches of the dungeon, and saw 12 of its levels.
You also visited: Ice Cave.

You collected 462 gold pieces.
You spent 270 gold pieces at shops.

Inventory:

Hand Weapons
 a - a +0 rapier
 b - a +5 short sword (weapon)
Armour
 c - a +0 shield (worn)
 o - a +2 pair of boots of flying (worn)
 r - a +1 cloak (worn)
 C - a +2 hat (worn)
 D - the +4 chain mail of Mental Paralysis (worn) {rElec rF++ Stlth+}
   (Okawaru gifted it to you on level 10 of the Dungeon)

   It greatly protects you from fire.
   It insulates you from electricity.
   It makes you more stealthy.
Jewellery
 e - a +3 amulet of reflection
 s - a +3 ring of dexterity
 x - a ring of see invisible (right hand)
 F - the ring "Lutras" (left hand) {rPois rC+ rN+ MR+ Stlth+}
   (You found it on level 10 of the Dungeon)

   [ring of poison resistance]

   It protects you from cold.
   It protects you from poison.
   It protects you from negative energy.
   It affects your resistance to hostile enchantments.
   It makes you more stealthy.
 G - an amulet of rage (around neck)
Scrolls
 g - 9 scrolls of remove curse
 i - 3 scrolls of magic mapping
 k - 2 scrolls of teleportation
 n - 2 scrolls of amnesia
 t - 4 scrolls of fog
 u - 2 scrolls of immolation
 B - 2 scrolls of enchant armour
Potions
 d - 3 potions of might
 h - 2 potions of degeneration {unknown}
 j - a potion of magic
 m - 4 potions of haste
 q - 3 potions of resistance
 z - a potion of cancellation
 A - 2 potions of flight
Comestibles
 f - 21 rations
 l - a chunk of flesh


   Skills:
 * Level 9.5 Fighting
 * Level 10.7 Short Blades
 + Level 7.0 Armour
 * Level 9.5 Dodging
 + Level 7.0 Shields
 + Level 1.5 Invocations
 + Level 1.7 Evocations


You had 10 spell levels left.
You didn't know any spells.
Your spell library contained the following spells:

 Spells                   Type           Power        Failure   Level  Hunger
 Animate Skeleton         Necr           N/A          100%        1    ##.....
 Apportation              Tloc           #.....       100%        1    ##.....
 Confusing Touch          Hex            #.....       100%        1    ##.....
 Summon Small Mammal      Summ           #...         100%        1    ##.....
 Blink                    Tloc           N/A          100%        2    ###....
 Shroud of Golubria       Chrm/Tloc      #.....       100%        2    ###....
 Confuse                  Hex            #.......     100%        3    ####...
 Gell's Gravitas          Tloc           #.........   100%        3    ####...
 Lesser Beckoning         Tloc           #.........   100%        3    ####...
 Teleport Other           Tloc           #.......     100%        3    ####...
 Passage of Golubria      Tloc           N/A          100%        4    #####..
 Petrify                  Tmut/Erth      #.......     100%        4    #####..
 Metabolic Englaciation   Hex/Ice        #.........   100%        5    ######.
 Yara's Violent Unravell  Hex/Tmut       #.........   100%        5    ######.


Dungeon Overview and Level Annotations

Branches:
Dungeon (11/15)            Temple (1/1) D:6            Lair (0/6) D:9
    Orc (0/2) D:10          IceCv (1/1)

Altars:
Ashenzari
Cheibriados
Dithmenos
Elyvilon
Fedhas
Gozag
Hepliaklqana
Makhleb
Nemelex Xobeh
Okawaru
Qazlal
Sif Muna
Trog
Uskayaw
Vehumet
Wu Jian
Yredelemnul
Zin
The Shining One

Shops:
D:9 [   D:10 [


Innate Abilities, Weirdness & Mutations

You are small and have problems with some larger weapons.
You are carnivorous and can eat meat at any time.


Message History

The wolf spider simulacrum completely misses you.
You block the wolf spider simulacrum's attack.
The polar bear simulacrum bites you!
* * * LOW HITPOINT WARNING * * *
The polar bear simulacrum freezes you! You resist.
* * * LOW HITPOINT WARNING * * *
The polar bear simulacrum barely misses you.
The polar bear simulacrum claws you but does no damage.
You block the wolf spider simulacrum's attack. x2
You puncture the wolf spider simulacrum!
The wolf spider simulacrum vapourises!
Okawaru accepts your kill.
You impale the alligator simulacrum!!
The alligator simulacrum is heavily damaged.
The polar bear simulacrum barely misses you.
The polar bear simulacrum misses you.
The polar bear simulacrum closely misses you.
The alligator simulacrum bites you but does no damage.
The alligator simulacrum tail-slaps you!
You die...

#### ###
##..##
##..##....##
##..........#
#.....ZZ∩.∩.#
....##.Z@....#
# ###....##
##..## ####


You could see an alligator simulacrum and 2 polar bear simulacra.

Vanquished Creatures
  4 two-headed ogres
  An ugly thing (D:10)
  A cyclops (D:10)
  A komodo dragon (D:9)
  A wolf spider simulacrum (IceCv)
  A troll (D:9)
  A hippogriff (D:9)
  A shadow (D:10)
  A wraith (D:11)
  A yak (D:11)
  A steam dragon (D:11)
  A hungry ghost (D:10)
  5 orc warriors
  2 ice beasts
  4 sky beasts
  3 phantoms
  2 centaurs
  2 necrophages (D:7)
  5 ogres
  3 big kobolds
  8 bullfrogs
  Blork the orc (D:4)
  A wyvern zombie (D:10)
  A gnoll sergeant (D:8)
  A scorpion (D:6)
  5 killer bees
  3 howler monkeys (D:11)
  3 wights
  5 crimson imps
  4 centaur zombies
  2 jellies
  2 quasits
  4 hounds
  An orc priest (D:9)
  6 orc wizards
  2 centaur skeletons (D:6)
  2 iguanas
  8 worker ants
  A hound skeleton (D:7)
  A howler monkey skeleton (D:4)
  14 gnolls
  8 adders
  3 shadow imps
  12 white imps (D:11)
  5 adder skeletons
  3 worms (D:3)
  2 dart slugs (D:1)
  3 leopard geckos
  26 orcs
  2 ball pythons
  10 bats
  8 giant cockroaches
  9 goblins
  9 hobgoblins
  16 jackals
  16 kobolds
  18 quokkas
  3 frilled lizards
  A quokka zombie (D:5)
  26 rats
296 creatures vanquished.

Vanquished Creatures (others)
  A centaur (D:6)
  2 orc wizards
  2 orcs (D:7)
  24 plants (D:9)
29 creatures vanquished.

Grand Total: 325 creatures vanquished

Notes
Turn   | Place    | Note
-------+----------+-------------------------------------------
     0 | D:1      | Borgoz the Kobold Fighter began the quest for the Orb.
     0 | D:1      | Reached XP level 1. HP: 14/14 MP: 1/1
    34 | D:1      | Reached XP level 2. HP: 14/19 MP: 2/2
    95 | D:1      | Reached skill level 3 in Short Blades
   393 | D:1      | Reached skill level 1 in Dodging
   398 | D:1      | Reached XP level 3. HP: 23/23 MP: 3/3
   584 | D:1      | You fall into a shaft and drop 1 floor!
   999 | D:2      | Reached XP level 4. HP: 22/29 MP: 4/4
  1075 | D:2      | Found a shimmering blue altar of Sif Muna.
  1077 | D:2      | Found a sparkling altar of Nemelex Xobeh.
  1077 | D:2      | Found a basalt altar of Yredelemnul.
  1077 | D:2      | Found a blossoming altar of Fedhas.
  1478 | D:3      | Reached XP level 5. HP: 19/33 MP: 5/5
  1729 | D:3      | Reached skill level 4 in Short Blades
  2533 | D:3      | Noticed a bullfrog
  2534 | D:3      | Reached XP level 6. HP: 38/38 MP: 6/6
  3078 | D:4      | Found a hide-covered altar of Uskayaw.
  3421 | D:4      | Noticed Blork the orc
  3432 | D:4      | Killed Blork the orc
  3432 | D:4      | Reached XP level 7. HP: 24/44 MP: 7/7
  3941 | D:5      | Entered Level 5 of the Dungeon
  4049 | D:5      | Reached skill level 5 in Short Blades
  4071 | D:5      | Reached skill level 5 in Fighting
  4262 | D:5      | Reached XP level 8. HP: 14/49 MP: 8/8
  4950 | D:6      | Found a staircase to the Ecumenical Temple.
  4969 | Temple   | Entered the Ecumenical Temple
  4989 | Temple   | Became a worshipper of Warmaster Okawaru
  5104 | D:6      | Reached skill level 6 in Short Blades
  5287 | D:6      | Found a radiant altar of Vehumet.
  5321 | D:6      | Reached skill level 5 in Dodging
  5958 | D:7      | Reached * piety under Okawaru
  5958 | D:7      | Reached XP level 9. HP: 48/55 MP: 9/9
  6327 | D:7      | Reached skill level 7 in Short Blades
  6555 | D:7      | Reached skill level 5 in Armour
  6628 | D:7      | Reached skill level 5 in Shields
  6771 | D:7      | Reached ** piety under Okawaru
  8048 | D:8      | Reached skill level 8 in Short Blades
  8073 | D:8      | HP: 1/57 [ogre/+0 giant club (27)]
  8076 | D:8      | Reached XP level 10. HP: 1/63 MP: 10/10
  8969 | D:9      | Noticed a two-headed ogre
  8983 | D:9      | Killed a two-headed ogre
  8983 | D:9      | Reached *** piety under Okawaru
  8987 | D:9      | Reached **** piety under Okawaru
  9259 | D:9      | Reached skill level 9 in Short Blades
 10143 | D:9      | Found a staircase to the Lair.
 10143 | D:9      | Noticed a komodo dragon
 10166 | D:9      | Killed a komodo dragon
 10204 | D:9      | Noticed a two-headed ogre
 10220 | D:9      | Killed a two-headed ogre
 10220 | D:9      | Reached ***** piety under Okawaru
 10220 | D:9      | Reached XP level 11. HP: 25/69 MP: 11/11
 10442 | D:9      | Found Xysy's Antique Armour Emporium.
 10446 | D:9      | Bought a smoking ring mail for 270 gold pieces
 10456 | D:9      | Identified the +2 ring mail of Responsibility {Dex+4} (You
                  | bought it in a shop on level 9 of the Dungeon)
 10810 | D:10     | Entered Level 10 of the Dungeon
 10813 | D:10     | Found Iplis's Armour Boutique.
 11160 | D:10     | Found a staircase to the Orcish Mines.
 11373 | D:10     | Noticed a green ugly thing
 11373 | D:10     | Noticed a cyclops
 11381 | D:10     | Reached skill level 10 in Short Blades
 11416 | D:10     | Killed a brown ugly thing
 11423 | D:10     | Killed a cyclops
 11456 | D:10     | Received a gift from Okawaru
 11467 | D:10     | Got a transparent chain mail {god gift}
 11474 | D:10     | Got a flickering copper ring
 11477 | D:10     | Got a transparent broad axe
 11501 | D:10     | Identified the +4 chain mail of Mental Paralysis {rElec
                  | rF++ Stlth+} (Okawaru gifted it to you on level 10 of the
                  | Dungeon)
 11506 | D:10     | Identified the ring "Lutras" {rPois rC+ rN+ MR+ Stlth+}
                  | (You found it on level 10 of the Dungeon)
 11516 | D:10     | Identified the +8 broad axe "Ofinoned" {chop, rElec Str+2
                  | Dex+5} (You found it on level 10 of the Dungeon)
 11720 | D:11     | Noticed a two-headed ogre
 11734 | D:11     | Killed a two-headed ogre
 11749 | D:11     | Noticed a two-headed ogre
 11785 | D:11     | Killed a two-headed ogre
 11785 | D:11     | Reached skill level 1 in Invocations
 11785 | D:11     | Reached skill level 1 in Evocations
 12107 | D:11     | Found a frozen archway.
 12130 | IceCv    | Entered an ice cave
 12138 | IceCv    | HP: 2/106 [polar bear simulacrum (7)]
 12140 | IceCv    | Slain by an alligator simulacrum

Levels and vault maps discovered:
D:1:      wander_arrival_chamber, layout_basic
D:2:      layout_loops_ring, minitemple, first_ration, hex_tiny,
          chequers_serial_rivers_small_3, hangedman_decor_clover_reticule
D:3:      layout_loops_ring, minmay_divided_ellipse
D:4:      layout_loops_ring, eat_drink_and_be_merry_uskayaw, minmay_rat_hole,
          uniq_blork_the_orc
D:5:      minmay_opposing_rooms, layout_cave_pools
D:6:      cheibrodos_quashed, layout_cave_pools, vehumet_crystals,
          minmay_temple_entry_glass, st_stairs_12, minmay_manual_mullet
D:7:      layout_gridville
D:8:      layout_loops_ring
D:9:      minmay_s_stair_smasher, layout_basic, david_lair_shrubbed,
          serial_shops, shop
D:10:     minmay_the_grid_triangle_9x9_rhombus_thin
          [minmay_the_grid_triangle_9x9_swiss_cheese,
          minmay_the_grid_triangle_9x9_prize_top_heavy,
          minmay_the_grid_triangle_9x9_wacky_v,
          minmay_the_grid_triangle_9x9_corruption], layout_layer_cave,
          orc_0_dummy, serial_shops, shop
D:11:     layout_basic, portal_ice_cave_entry_imps
Temple:   nicolae_temple_x_marks_the_god
IceCv:    ice_cave_small_necro

Skill      XL: |  1  2  3  4  5  6  7  8  9 10 11 |
---------------+----------------------------------+-----
Short Blades   | 3 4 5 6 8 9 10 | 10.7
Dodging        | 1 2 3 4 5 6 8 9 |  9.5
Fighting       | 4 5 6 7 8 9 |  9.5
Shields        | 3 4 5 6 7 |  7.0
Armour         | 3 4 5 6 7 |  7.0
Invocations    | 1 |  1.5
Evocations     | 1 |  1.7

Action                   |  1- 3 |  4- 6 |  7- 9 | 10-12 || total
-------------------------+-------+-------+-------+-------++-------
Melee: Rapier            |   144 |   279 |   207 |       ||   630
       Short sword       |       |       |   386 |   585 ||   971
Throw: Throwing net      |       |       |     1 |     2 ||     3
 Abil: Evoke Berserk Rag |       |       |       |     2 ||     2
  Use: Scroll            |     1 |       |     7 |    11 ||    19
       Potion            |       |       |     4 |     6 ||    10
 Stab: Held in net/web   |       |       |     1 |     1 ||     2
       Invisible         |       |       |       |     9 ||     9
  Eat: Chunk             |     9 |     8 |    16 |    18 ||    51
Armor: Scale mail        |    69 |    69 |    91 |    31 ||   260
       Skin              |       |       |    13 |       ||    13
       Chain mail        |       |       |       |    63 ||    63
       Ring mail         |       |       |       |    12 ||    12
Dodge: Dodged            |    55 |    76 |   152 |   201 ||   484
Block: Shield            |   106 |   190 |   369 |   244 ||   909
       Reflection        |     1 |     3 |    11 |     5 ||    20

Table legend:
 A = Non-vault XP
 B = Vault XP
 C = Vault XP percentage of total XP
 D = Non-vault monster count
 E = Vault monster count
 F = Vault count percentage of total count
                 A         B        C        D         E       F
            +---------+---------+-------+---------+---------+-------
      Total |    9885 |    4663 |  32.1 |     225 |      76 |  25.2
            +---------+---------+-------+---------+---------+-------
        D:1 |      40 |       0 |   0.0 |      21 |       0 |   0.0
        D:2 |      47 |       0 |   0.0 |      19 |       0 |   0.0
        D:3 |     180 |     129 |  41.7 |      36 |      12 |  25.0
        D:4 |     113 |     111 |  49.6 |      14 |      20 |  58.8
        D:5 |     208 |     197 |  48.6 |      12 |       6 |  33.3
        D:6 |     720 |     127 |  15.0 |      12 |       3 |  20.0
        D:7 |    1174 |       0 |   0.0 |      28 |       0 |   0.0
        D:8 |     689 |       0 |   0.0 |      26 |       0 |   0.0
        D:9 |    3440 |    1482 |  30.1 |      31 |      13 |  29.5
       D:10 |     271 |    2214 |  89.1 |       9 |       9 |  50.0
       D:11 |    3003 |     124 |   4.0 |      17 |      12 |  41.4
      IceCv |       0 |     279 | 100.0 |       0 |       1 | 100.0
            +---------+---------+-------+---------+---------+-------
